 Dungeon Crawl Stone Soup version 0.21.1-1-g345015fe64 (webtiles) character file.

80 Ivernyr the Charmwright (level 4, 0/34 HPs)
             Began as a Demonspawn Skald on Apr 25, 2018.
             Was a Follower of Nemelex Xobeh.
             Slain by a gnoll
             ... wielding a +0 spear
              (9 damage)
             ... on level 2 of the Dungeon.
             The game lasted 00:03:02 (1476 turns).

Ivernyr the Charmwright (Demonspawn Skald)          Turns: 1476, Time: 00:03:02

Health: 0/34       AC:  3    Str: 11    XL:     4   Next: 18%
Magic:  4/7        EV: 12    Int: 15    God:    Nemelex Xobeh [*.....]
Gold:   33         SH:  0    Dex: 13    Spells: 2/7 levels left

rFire    . . .     SeeInvis .   a - +0 falchion
rCold    . . .     Gourm    .   (no shield)
rNeg     . . .     Faith    .   b - +0 leather armour
rPois    .         Spirit   .   (no helmet)
rElec    .         Reflect  .   (no cloak)
rCorr    .         Harm     .   (no gloves)
MR       .....                  (no boots)
Stlth    +.........             (no amulet)
HPRegen  0.11/turn              (no ring)
MPRegen  0.10/turn              (no ring)

@: no status effects
A: powered by death 2, powered by pain 1
a: Renounce Religion


You were on level 2 of the Dungeon.
You worshipped Nemelex Xobeh.
Nemelex Xobeh was aware of your devotion.
You were very hungry.

You visited 1 branch of the dungeon, and saw 2 of its levels.

You collected 33 gold pieces.

Inventory:

Hand Weapons
 a - a +0 falchion (weapon)
Armour
 b - a +0 leather armour (worn)
Scrolls
 e - 5 scrolls of remove curse {unknown}
 f - a scroll of noise {unknown}
 l - a scroll of identify {unknown}
 n - a scroll of teleportation {unknown}
 o - a scroll of enchant armour {unknown}
Potions
 g - a potion of might {unknown}
 h - a potion of haste {unknown}
 j - a potion of mutation {unknown}
 k - a potion of curing {unknown}
Books
 c - a book of Battle

   Spells                             Type                      Level
   a - Infusion                       Charms                       1
   b - Shroud of Golubria             Charms/Translocation         2
   c - Song of Slaying                Charms                       2
   d - Spectral Weapon                Hexes/Charms                 3
   e - Regeneration                   Charms/Necromancy            3
Miscellaneous
 m - a plain deck of destruction
Comestibles
 d - 3 rations


   Skills:
 + Level 2.6 Fighting
 - Level 2.0 Long Blades
 * Level 2.4 Armour
 - Level 1.7 Dodging
 - Level 2.0 Spellcasting
 + Level 3.1 Charms
 + Level 1.6 Invocations


You had 2 spell levels left.
You knew the following spells:

 Your Spells              Type           Power        Failure   Level  Hunger
a - Shroud of Golubria    Chrm/Tloc      #.........   24%         2    ###....
b - Song of Slaying       Chrm           ##......     12%         2    ###....
c - Infusion              Chrm           ##..         9%          1    #......


Dungeon Overview and Level Annotations

Branches:
Dungeon (2/15)

Altars:
Nemelex Xobeh
Xom


Innate Abilities, Weirdness & Mutations

You regenerate health from kills.
You sometimes gain a little power by taking damage.


Message History

You kill the gnoll!
The bat completely misses you.
You hit the bat.
You kill the bat!
You draw a card...
It is Pain.
You have drawn Pain.
Press: ? - help, Shift-Dir - straight line, f - worm
Aim: a worm The bolt of negative energy misses the worm.
You draw a card...
It is the Orb.
The deck of cards disappears without a trace.
You have drawn the Orb.
Press: ? - help, Shift-Dir - straight line, f/p - worm
Aim: a worm The orb of energy hits the worm.
The worm is heavily wounded.
Your song has ended.
The gnoll hits you from afar with a spear!
You die...
Your body disappears without a glow.

.# ######..####.#.#.#
#.##.### .#
..............#.#.# #.#.....
.#
.....###.######.#.###.######
.# .... #.## #.#...........
... #..# #.#..##.###### ##
##.## #..##.# #..# #..##.#
######(#### #..##†#
........@w.# #..##(#
##....#.##g# #..##.#
#....#..#[# #..##.# #...
##.#.g #.# #### ..... #.#
#..... ..# #..#+#. ... ...#
.# ##.. .


You could see a worm and a gnoll.

Vanquished Creatures
  2 gnolls (D:2)
  2 adders (D:2)
  3 dart slugs
  A leopard gecko (D:1)
  2 bats
  2 giant cockroaches (D:1)
  4 goblins
  3 hobgoblins
  2 kobolds (D:1)
  A quokka (D:2)
  2 rats (D:2)
24 creatures vanquished.

Vanquished Creatures (others)
  A gnoll (D:2)
1 creature vanquished.

Grand Total: 25 creatures vanquished

Notes
Turn   | Place    | Note
-------+----------+-------------------------------------------
     0 | D:1      | Ivernyr the Demonspawn Skald began the quest for the Orb.
     0 | D:1      | Reached XP level 1. HP: 16/16 MP: 3/3
    43 | D:1      | Reached skill level 1 in Armour
   114 | D:1      | Gained mutation: You regenerate a little health from kills. [demonic ancestry]
   114 | D:1      | Reached XP level 2. HP: 10/22 MP: 5/5
   336 | D:1      | Found a sparkling altar of Nemelex Xobeh.
   342 | D:1      | Became a worshipper of Nemelex Xobeh the Trickster
   407 | D:1      | Learned a level 2 spell: Song of Slaying
   410 | D:1      | Learned a level 2 spell: Shroud of Golubria
   513 | D:1      | Received a gift from Nemelex Xobeh
   802 | D:2      | Gained mutation: You regenerate health from kills. [demonic ancestry]
   802 | D:2      | Reached XP level 3. HP: 25/28 MP: 1/6
   955 | D:2      | Found a shimmering altar of Xom.
  1140 | D:2      | Received a gift from Nemelex Xobeh
  1150 | D:2      | Reached skill level 3 in Charms
  1190 | D:2      | Reached * piety under Nemelex Xobeh
  1209 | D:2      | Reached skill level 1 in Invocations
  1470 | D:2      | Gained mutation: You sometimes gain a little power by taking damage. [demonic ancestry]
  1470 | D:2      | Reached XP level 4. HP: 8/34 MP: 3/7
  1476 | D:2      | Slain by a gnoll

Skill      XL: |  1  2  3 |
---------------+----------+-----
Armour         | 1 2 |  2.4
Long Blades    | 2 |  2.0
Charms         | 3 |  3.1
Invocations    | 1 |  1.6
Fighting       | |  2.6
Dodging        | |  1.7
Spellcasting   | |  2.0

Action                   |  1- 3 |  4- 6 || total
-------------------------+-------+-------++-------
Melee: Falchion          |    92 |     3 ||    95
 Cast: Shroud of Golubri |     3 |       ||     3
       Song of Slaying   |     1 |       ||     1
Evoke: Deck              |       |     4 ||     4
  Eat: Chunk             |     1 |       ||     1
Armor: Leather armour    |    24 |     1 ||    25
Dodge: Dodged            |    61 |     2 ||    63
       Rpst.: Falchion   |    20 |       ||    20
